 Dungeon Crawl Stone Soup version 0.27-a0-909-g0721f309d1 (webtiles) character file.

Game seed: 16547441539185706803

355 HELP the Stinger (level 6, -3/36 HPs)
             Began as an Octopode Venom Mage on Apr 8, 2021.
             Slain by a bullfrog (8 damage)
             ... in a sewer.
             The game lasted 00:14:35 (4294 turns).

HELP the Stinger (Octopode Venom Mage)              Turns: 4294, Time: 00:14:36

Health: -3/36      AC:  1    Str:  7    XL:     6   Next: 63%
Magic:  5/10       EV: 13    Int: 19    God:
Gold:   131        SH:  0    Dex: 13    Spells: 2/11 levels left

rFire    . . .     SeeInvis .   i - +1 short sword (venom)
rCold    . . .     Faith    .   (no shield)
rNeg     . . .     Spirit   .   (helmet restricted)
rPois    .         Reflect  .   (no amulet)
rElec    .         Harm     .   (no ring)
rCorr    .         Rampage  .   (no ring)
Will     .....                  (no ring)
Stlth    ++++......             (no ring)
HPRegen  0.12/turn              (no ring)
MPRegen  0.12/turn              (no ring)
                                (no ring)
                                (no ring)

@: no status effects
A: almost no armour, amphibious, 8 rings, camouflage 1, gelatinous body 1,
(nimble swimmer 1), tentacles
a: no special abilities


You were in a sewer.
You visited 1 branch of the dungeon, and saw 4 of its levels.
You also visited: Sewer.

You collected 131 gold pieces.

Inventory:

Hand Weapons
 b - a +0 dagger
 i - a +1 short sword of venom (weapon)
Missiles
 c - 31 stones
 f - 26 arrows
 k - 20 sling bullets
Wands
 j - a wand of mindburst (14)
Scrolls
 a - a scroll of identify
 g - 2 scrolls of teleportation
 l - a scroll of brand weapon
Potions
 d - 2 potions of flight
 e - a potion of attraction
 h - a potion of curing


   Skills:
 - Level 2.0 Dodging
 - Level 4.4 Stealth
 - Level 3.0 Spellcasting
 + Level 1.8 Conjurations
 - Level 2.0 Transmutations
 + Level 1.6 Fire Magic
 + Level 1.5 Air Magic
 - Level 5.7 Poison Magic


You had 2 spell levels left.
You knew the following spells:

 Your Spells              Type           Power      Damage    Failure   Level
a - Sting                 Tmut/Pois      68%        1d6       3%          1
c - Ignite Poison         Fire/Tmut/Pois 14%        N/A       13%         3
s - Mephitic Cloud        Conj/Pois/Air  14%        N/A       13%         3
z - Poisonous Vapours     Pois/Air       32%        N/A       4%          2

Your spell library contained the following spells:

 Spells                   Type           Power      Damage    Failure   Level
 Olgreb's Toxic Radiance  Pois           24%        N/A       14%         4


Dungeon Overview and Level Annotations

Branches:
Dungeon (4/15)              Sewer (1/1)
 Temple: D:4-7

Altars:
Yredelemnul
The Shining One


Innate Abilities, Weirdness & Mutations

You cannot wear most types of armour.
You are amphibious.
You can wear up to eight rings at the same time.
Your skin changes colour to match your surroundings (Stealth+).
Your rubbery body absorbs attacks. (AC +1, EV +1)
((You are camouflaged near water. (Stealth+)))
You have tentacles for arms and can constrict up to eight enemies at once.


Message History

Confirm with . or Enter, or press ? or * to list all spells.
Aiming: Poisonous Vapours (safe; 5% risk of failure)
Press: ? - help, Dir - move target, f/p - bullfrog
Aim: a bullfrog (lightly wounded, very poisoned) Poisonous vapours surround the bullfrog!
The bullfrog is engulfed in poison gas.
The bullfrog looks even sicker.
The bullfrog barely misses you.
You closely miss the bullfrog. Your grab misses the bullfrog.
The bullfrog is moderately wounded.
The bullfrog misses you. The bullfrog hits you. x2
You barely miss the bullfrog. You grab the bullfrog.
You constrict the bullfrog. The bullfrog closely misses you. x3
You hit the bullfrog.
The bullfrog is moderately wounded.
You constrict the bullfrog. The bullfrog closely misses you. x2
The bullfrog hits you. x2
You hit the bullfrog.
The bullfrog is poisoned.
You squeeze the bullfrog.
The bullfrog is heavily wounded.
You constrict the bullfrog. The bullfrog hits you.
The bullfrog hits you but does no damage.
You hit the bullfrog.
The bullfrog looks even sicker.
The bullfrog is severely wounded.
You constrict the bullfrog. The bullfrog misses you. x2
The bullfrog hits you. x2
* * * LOW HITPOINT WARNING * * *
You hit the bullfrog.
You kill the bullfrog!
The bullfrog barely misses you. The bullfrog misses you.
Training target 2.0 for Transmutations reached!
Your Transmutations skill increases to level 2!
You barely miss the bullfrog. Your grab misses the bullfrog.
The bullfrog is severely wounded.
The bullfrog hits you.
* * * LOW HITPOINT WARNING * * *
You hit the bullfrog. Your grab misses the bullfrog.
The bullfrog is almost dead.
The bullfrog hits you.
* * * LOW HITPOINT WARNING * * *
The bullfrog hits you!
You die...

#.≈≈≈###≈≈≈###≈†≈#
#≈÷.##≈≈≈≈≈≈≈##≈≈##
##.≈##≈≈≈≈≈≈≈≈≈##≈≈##
#≈≈≈#≈≈≈..≈≈≈≈≈≈≈.≈≈#
#.†##≈†.#######≈≈≈≈≈#
##≈.#≈≈≈##≈≈...###≈#######
#≈≈≈#≈≈##≈≈≈.≈≈.≈###≈.≈≈≈#
#≈≈##≈.#≈≈≈.≈≈†≈†≈.#≈≈≈≈≈#
#≈≈#≈.##≈≈..≈@≈##..#≈≈.≈≈#
#≈≈#.≈#≈≈.?$?F†.#.≈#≈≈#†.#
#.≈#≈≈#≈≈.$.≈†≈.#.≈#≈≈#.≈#
#.≈#..#≈≈≈?.≈≈≈.#≈≈##†#≈≈#
#≈.#≈≈#≈≈≈.≈≈≈≈≈#≈≈≈#≈#.≈#
#≈≈#≈≈#≈≈≈≈≈≈≈≈≈#≈≈∩#≈#≈.#
#≈≈#≈≈##≈≈≈.≈≈≈##≈≈≈#.#≈≈#
#≈≈##..#≈≈.≈≈≈≈#≈≈###≈#≈≈#
#≈≈.#≈≈##≈≈≈≈≈##≈≈#≈≈†#≈.#


You could see a bullfrog (very poisoned).

Vanquished Creatures
  A bullfrog (Sewer)
  3 gnolls (D:3)
  14 adders
  A river rat (D:4)
  An adder skeleton (D:4)
  3 worms
  A dart slug (D:3)
  An orc (D:3)
  10 endoplasms
  12 giant cockroaches
  3 goblins
  2 hobgoblins (D:1)
  3 jackals (D:4)
  13 quokkas
  12 ball pythons
  7 bats
  8 frilled lizards
  6 kobolds
  9 rats
110 creatures vanquished.

Notes
Turn   | Place    | Note
-------+----------+-------------------------------------------
     0 | D:1      | HELP the Octopode Venom Mage began the quest for the Orb.
     0 | D:1      | Reached XP level 1. HP: 11/11 MP: 3/3
   401 | D:1      | Reached skill level 4 in Poison Magic
   401 | D:1      | Reached XP level 2. HP: 6/17 MP: 3/5
  1250 | D:2      | Learned a level 2 spell: Poisonous Vapours
  1414 | D:2      | Reached XP level 3. HP: 17/21 MP: 3/6
  1732 | D:2      | Reached XP level 4. HP: 27/27 MP: 4/7
  1793 | D:2      | Reached skill level 5 in Poison Magic
  2504 | D:3      | Reached XP level 5. HP: 31/31 MP: 1/9
  2621 | D:3      | Found a glowing golden altar of the Shining One.
  2623 | D:3      | Noticed an angel
  2640 | D:3      | Found a basalt altar of Yredelemnul.
  2642 | D:3      | Noticed a profane servitor
  2745 | D:3      | Found a faded altar of an unknown god.
  3223 | D:4      | Found a glowing drain.
  3228 | Sewer    | Entered a sewer
  3328 | Sewer    | Learned a level 3 spell: Mephitic Cloud
  3332 | Sewer    | Learned a level 3 spell: Ignite Poison
  3757 | Sewer    | Reached XP level 6. HP: 36/36 MP: 5/10
  3765 | Sewer    | Reached skill level 1 in Conjurations
  3777 | Sewer    | Reached skill level 1 in Fire Magic
  3777 | Sewer    | Reached skill level 1 in Air Magic
  4294 | Sewer    | Slain by a bullfrog

Illustrated notes

Levels and vault maps discovered:
D:1:      lightli_arrival_quake, layout_loops_ring, minmay_misc_feat_pillars
D:2:      layout_rooms
D:3:      layout_basic, grunt_temple_overflow_holy_war, basic_ecumenical_altar
D:4:      layout_loops_corners, general_overflow_altar, lemuel_doored_altar,
          bloody_makhleb, minmay_temple_entry_glassed_door,
          lightli_sewer_entry_pipes
Sewer:    sewer_frog_island_02

Skill      XL: |  1  2  3  4  5  6 |
---------------+-------------------+-----
Stealth        | 3 4 |  4.4
Poison Magic   | 4 5 |  5.7
Spellcasting   | 3 |  3.0
Conjurations   | 1 |  1.8
Fire Magic     | 1 |  1.6
Air Magic      | 1 |  1.5
Transmutations | 2 |  2.0
Dodging        | |  2.0

Action                   |  1- 3 |  4- 6 || total
-------------------------+-------+-------++-------
Melee: Dagger            |    39 |    19 ||    58
       Constrict         |     8 |    18 ||    26
       Tentacles         |     5 |    10 ||    15
       Short sword       |       |    82 ||    82
 Cast: Sting             |    11 |     2 ||    13
       Poisonous Vapours |     9 |    51 ||    60
  Use: Scroll            |       |     5 ||     5
 Stab: Sleeping          |     7 |    22 ||    29
       Distracted        |       |     1 ||     1
Armor: Skin              |     4 |     8 ||    12
Dodge: Dodged            |    26 |    55 ||    81

Table legend: (Time is in decaauts)
 A = Elapsed time spent in this place.
 B = Non-inter-level travel time spent in this place.
 C = Inter-level travel time spent in this place.
 D = Time resting spent in this place.
 E = Time spent auto-exploring this place.
 F = Levels seen in this place.
 G = Mean time per level.
                   A        B        C        D        E       F      G
               +--------+--------+--------+--------+--------+-----+--------+
         Total |   4300 |   4206 |     94 |    767 |   2648 |   5 |  860.0 |
       Dungeon |   3229 |   3135 |     94 |     88 |   2567 |   4 |  807.2 |
         Sewer |   1070 |   1070 |      0 |    679 |     81 |   1 | 1070.0 |
               +--------+--------+--------+--------+--------+-----+--------+

Top non-repeatable levels by time:
     D:1: 1223 daAuts
   Sewer: 1070 daAuts
     D:2: 999 daAuts
     D:3: 783 daAuts
     D:4: 222 daAuts
